 Dungeon Crawl Stone Soup version 0.30.1-11-g7821555f0a (webtiles) character file.

Game seed: 9291508440857422046

6834 groovy9 the Cleaver (level 10, -3/94 HPs)
             Began as a Minotaur Berserker on Jan 13, 2024.
             Was a Priest of Trog.
             Killed from afar by a deep elf zephyrmancer (28 damage)
             ... with a bolt of lightning
             ... on level 9 of the Dungeon.
             The game lasted 00:26:38 (7826 turns).

groovy9 the Cleaver (Minotaur Berserker)            Turns: 7826, Time: 00:26:39

Health: -3/94      AC: 18    Str: 27      XL:     10   Next: 77%
Magic:  9/9        EV:  8    Int:  3 (4)  God:    Trog [***...]
Gold:   578        SH:  0    Dex:  9      Spells: 9/9 levels left

rFire   . . .        A - +6 glaive of Qaexyl {speed, Contam rPois rN+ rCorr}
rCold   . . .        (shield currently unavailable)
rNeg    + . .        B - +0 plate armour
rPois   +            (helmet restricted)
rElec   .            (no cloak)
rCorr   +            j - +0 pair of gloves
SInv    .            i - +1 pair of boots
Will    ++...        (no amulet) Stlth
                     (no ring)
HPRegen 1.35/turn    (no ring)
MPRegen 0.11/turn

%: no passive effects
@: mighty, strong-willed, regenerating
A: horns 2, retaliatory headbutt
a: Renounce Religion, Berserk, Trog's Hand


You were on level 9 of the Dungeon.
You worshipped Trog.
Trog was most pleased with you.
You visited 2 branches of the dungeon, and saw 10 of its levels.

You collected 674 gold pieces.
You spent 96 gold pieces at shops.

Inventory:

Hand Weapons
 l - a +3 morningstar of venom
 o - a +3 halberd
 u - the +6 shillelagh "Devastator" {shatter}
   (You found it on level 7 of the Dungeon)
 y - a +2 hand axe of venom
 A - the +6 glaive of Qaexyl (weapon) {speed, Contam rPois rN+ rCorr}
   (You found it on level 8 of the Dungeon)

   rPois:     It protects you from poison.
   rN:        It protects you from negative energy.
   Contam:    It causes magical contamination when unequipped.
   rCorr:     It protects you from acid and corrosion.
Missiles
 b - 3 throwing nets (quivered)
Armour
 i - a +1 pair of boots (worn)
 j - a +0 pair of gloves (worn)
 B - a +0 plate armour (worn)
Jewellery
 f - a +6 ring of dexterity
 n - an amulet of reflection
Wands
 a - a wand of flame (9)
 g - a wand of mindburst (13)
 t - a wand of charming (12)
 x - a wand of light (12)
Scrolls
 e - 7 scrolls of teleportation
 h - 2 scrolls of butterflies
 q - a scroll of enchant weapon
 r - a scroll of fear
 w - a scroll of fog
Potions
 c - 4 potions of attraction
 d - 8 potions of curing
 k - a potion of magic
 m - 3 potions of resistance
 p - 3 potions of flight
 v - 3 potions of heal wounds


   Skills:
 + Level 10.6 Fighting
 - Level 12.7(13.3) Axes
 * Level 6.5(10.5) Polearms
 + Level 10.1 Armour
 - Level 2.7 Dodging


You had 9 spell levels left.
You didn't know any spells.
Your spell library was empty.

Dungeon Overview and Level Annotations

Branches:
Dungeon (9/15)             Temple (1/1) D:7            Lair (0/5) D:8
    Orc (0/2) D:9

Altars:
Ashenzari
Cheibriados
Dithmenos
Elyvilon
Fedhas
Gozag
Hepliaklqana
Makhleb
Nemelex Xobeh
Qazlal
Ru
Trog
Uskayaw
Vehumet
Wu Jian
Xom
Zin
The Shining One

Shops:
D:2 (?!   D:3 ?

Annotations:
D:7 Menkaure
D:9 2 transporters


Innate Abilities, Weirdness & Mutations

You have a pair of horns on your head.
You reflexively headbutt those who attack you in melee.


Message History

You are too injured to fight recklessly!
You are too injured to fight recklessly!
You recover from your berserk rage.
The deep elf zephyrmancer hits you but does no damage.
There is an open door here.
You slice the deep elf zephyrmancer!!
Your headbutt misses the deep elf zephyrmancer.
The deep elf zephyrmancer is severely wounded.
The deep elf zephyrmancer closely misses you.
You furiously retaliate!
You headbutt the deep elf zephyrmancer!!
You kill the deep elf zephyrmancer!
Trog accepts your kill.
Trog appreciates your killing of a magic user.
A deep elf zephyrmancer opens the door.
You feel your intelligence returning.
You feel the effects of Trog's Hand fading.
The deep elf zephyrmancer casts a spell at you.
The bolt of lightning hits you!!!
You slice the deep elf zephyrmancer!!
The deep elf zephyrmancer is severely wounded.
The deep elf zephyrmancer hits you but does no damage.
You miss the deep elf zephyrmancer.
The deep elf zephyrmancer is severely wounded.
The deep elf zephyrmancer casts a spell at you.
The bolt of lightning misses you.
You closely miss the deep elf zephyrmancer.
Your headbutt misses the deep elf zephyrmancer.
The deep elf zephyrmancer is severely wounded.
You closely miss the deep elf zephyrmancer.
Your headbutt misses the deep elf zephyrmancer.
The deep elf zephyrmancer is severely wounded.
The deep elf zephyrmancer casts a spell at you.
The bolt of lightning hits you!
* * * LOW HITPOINT WARNING * * *
Your skin crawls.
You feel strong-willed.
The deep elf zephyrmancer points at you and mumbles some strange words.
The bolt of lightning hits you!!
You die...

##...)..... ##..8....>..
#...# #...........
#...####### #.##........
#...##.##.#### #.##.....8..
#...##'##'##[# #.#####.....
#...#......#[# #.### ###...
#...#.°..°.#e#####...# ####
#...'......'@##......###
#..))).....'.###.......######
##.)#.°..°.#'# #.............
#..#......#)###.......######
#..##'##'##:##......### #
#..##.##.#####.#....# #
#..####### #.#.#### # #..#
##### #.#.####### #
#..###...## #.#.......### #


You could see a deep elf zephyrmancer.

Vanquished Creatures
  A two-headed ogre (D:9)
  Pikel (D:4)
  A deep elf zephyrmancer (D:9)
  A gargoyle (D:5)
  A komodo dragon (D:8)
  2 hornets
  A shadow (D:9)
  A steam dragon (D:8)
  2 water moccasins
  A swamp drake (D:9)
  3 ice beasts
  A sky beast (D:7)
  3 orc warriors
  2 ogres
  3 centaurs
  4 lemures (D:4)
  4 bullfrogs
  3 scorpions
  4 necrophages (D:6)
  A wyvern zombie (D:6)
  10 wights (D:7)
  8 killer bees
  2 howler monkeys
  A crimson imp (D:9)
  3 hounds
  3 orc priests
  2 gnoll boudas
  An iron imp (D:9)
  Jessica (D:3)
  6 iguanas
  11 orc wizards
  2 killer bee zombies (D:6)
  13 gnolls
  7 adders
  2 shadow imps
  3 white imps
  5 dart slugs
  42 orcs
  5 ball pythons
  5 bats
  9 endoplasms
  8 hobgoblins
  5 jackals
  6 kobolds
  5 quokkas
  A frilled lizard (D:2)
  11 goblins
  3 rats
220 creatures vanquished.

Vanquished Creatures (others)
  An orc (D:9)
1 creature vanquished.

Grand Total: 221 creatures vanquished

Notes
Turn   | Place    | Note
-------+----------+-------------------------------------------
     0 | D:1      | groovy9 the Minotaur Berserker began the quest for the Orb.
     0 | D:1      | Reached XP level 1. HP: 19/19 MP: 0/0
   159 | D:1      | Reached XP level 2. HP: 25/27 MP: 1/1
   189 | D:1      | Reached skill level 4 in Axes
   242 | D:1      | Found a faded altar of an unknown god.
   350 | D:1      | Reached XP level 3. HP: 33/33 MP: 2/2
   769 | D:2      | Reached ** piety under Trog
   793 | D:2      | Found Umpukk Ojes's Magic Scroll Shop.
   815 | D:2      | Bought a scroll of identify for 22 gold pieces
   815 | D:2      | Bought a scroll of identify for 22 gold pieces
  1041 | D:2      | Found Tuwees's Weapon Shop.
  1076 | D:2      | Found Nugig's Distillery.
  1383 | D:3      | Reached XP level 4. HP: 34/40 MP: 3/3
  1406 | D:3      | Found a bloodstained altar of Trog.
  1408 | D:3      | Found a sparkling altar of Nemelex Xobeh.
  1410 | D:3      | Found a glowing golden altar of the Shining One.
  1659 | D:3      | Noticed Jessica
  1666 | D:3      | Reached skill level 5 in Axes
  1667 | D:3      | Killed Jessica
  1668 | D:3      | Reached XP level 5. HP: 45/47 MP: 4/4
  1760 | D:3      | Found Woshrydi's Magic Scroll Boutique.
  1768 | D:3      | Bought a scroll of identify for 26 gold pieces
  1768 | D:3      | Bought a scroll of identify for 26 gold pieces
  1936 | D:4      | Noticed a lemure
  1936 | D:4      | Noticed a lemure
  1936 | D:4      | Noticed a lemure
  1936 | D:4      | Noticed Pikel
  1951 | D:4      | Killed a lemure
  1954 | D:4      | Killed a lemure
  1956 | D:4      | Killed a lemure
  2005 | D:4      | Noticed a lemure
  2022 | D:4      | Killed a lemure
  2022 | D:4      | Killed Pikel
  2023 | D:4      | Reached skill level 5 in Fighting
  2023 | D:4      | Reached skill level 7 in Axes
  2023 | D:4      | Reached skill level 5 in Armour
  2023 | D:4      | Reached XP level 6. HP: 28/57 MP: 5/5
  2023 | D:4      | Reached XP level 7. HP: 30/62 MP: 6/6
  2219 | D:4      | Noticed an angel
  2220 | D:4      | Found a shimmering altar of Xom.
  2222 | D:4      | Found a glowing silver altar of Zin.
  2871 | D:4      | Found a white marble altar of Elyvilon.
  3177 | D:5      | Entered Level 5 of the Dungeon
  3194 | D:5      | Reached skill level 8 in Axes
  3337 | D:5      | Noticed a gargoyle
  3346 | D:5      | Killed a gargoyle
  3347 | D:5      | Reached skill level 9 in Axes
  3347 | D:5      | Reached XP level 8. HP: 67/71 MP: 7/7
  4118 | D:6      | Reached skill level 10 in Axes
  4394 | D:6      | Reached XP level 9. HP: 81/81 MP: 8/8
  4717 | D:6      | Found a blossoming altar of Fedhas.
  4808 | D:6      | Reached skill level 11 in Axes
  5115 | D:7      | Found a staircase to the Ecumenical Temple.
  5176 | Temple   | Entered the Ecumenical Temple
  5466 | D:7      | Found the +6 shillelagh "Devastator" {shatter}
  5588 | D:7      | Reached skill level 12 in Axes
  5785 | D:7      | Noticed Menkaure
  6432 | D:8      | Reached XP level 10. HP: 86/91 MP: 9/9
  6454 | D:8      | Found a snail-covered altar of Cheibriados.
  6651 | D:8      | Identified the +6 glaive of Qaexyl {speed, Contam rPois rN+
                  | rCorr}
  6668 | D:8      | Reached skill level 1 in Polearms
  6869 | D:8      | Found a staircase to the Lair.
  6994 | D:9      | Reached *** piety under Trog
  7174 | D:9      | Found a staircase to the Orcish Mines.
  7295 | D:9      | Noticed a two-headed ogre
  7308 | D:9      | Killed a two-headed ogre
  7309 | D:9      | Reached skill level 10 in Fighting
  7309 | D:9      | Reached skill level 5 in Polearms
  7369 | D:9      | Found a transporter.
  7373 | D:9      | Noticed an orc high priest
  7373 | D:9      | Noticed a deep elf knight
  7526 | D:9      | Found a transporter.
  7536 | D:9      | Noticed a fire crab
  7815 | D:9      | Reached skill level 10 in Armour
  7816 | D:9      | Noticed a deep elf zephyrmancer
  7819 | D:9      | Killed a deep elf zephyrmancer
  7820 | D:9      | Noticed a deep elf zephyrmancer
  7826 | D:9      | Killed from afar by a deep elf zephyrmancer

Illustrated notes

Levels and vault maps discovered:
D:1:      minmay_arrival_four_circles, layout_basic,
          chequers_ecumenical_altar_island
D:2:      layout_rooms, serial_shops, nicolae_shop_bloodbath_and_beyond,
          nicolae_lakefront_shop, shop
D:3:      kennysheep_big_flooded_room, layout_rooms,
          nicolae_overflow_hidden_temple, serial_shops, nicolae_shop_stone,
          uniq_jessica
D:4:      layout_basic, grunt_temple_overflow_order_and_chaos_1,
          lemuel_tele_altar, kennysheep_generic_room_5, uniq_pikel,
          uniq_crazy_yiuf_cottage
D:5:      layout_loops_cross
D:6:      layout_gridville, fedhas_altar_decomposition
D:7:      layout_loops_ring, temple_fountains, uniq_menkaure
D:8:      layout_rooms, kennysheep_slug_shrine, david_lair_shrubbed
D:9:      gammafunk_wand_slinger, layout_loops_ring, david_orc_2,
          minmay_misc_feat_chi, hangedman_minor_magic
Temple:   nicolae_temple_bog_church

Skill      XL: |  1  2  3  4  5  6  7  8  9 10 |
---------------+-------------------------------+-----
Axes           | 4 5 7 9 10 12 | 12.7
Fighting       | 4 5 6 7 9 10 | 10.6
Armour         | 3 5 6 7 8 10 | 10.1
Polearms       | 6 |  6.5
Dodging        | |  2.7

Action                     |  1- 3 |  4- 6 |  7- 9 | 10-12 || total
---------------------------+-------+-------+-------+-------++-------
  Melee: Hand axe          |    89 |    42 |   370 |    14 ||   515
         Headbutt          |    13 |     7 |    79 |    12 ||   111
         Punch             |       |       |     3 |       ||     3
         Glaive            |       |       |       |   114 ||   114
 Invoke: Berserk           |       |     3 |    12 |     3 ||    18
         Trog's Hand       |       |     3 |    11 |     4 ||    18
    Use: Scroll            |     7 |     3 |     6 |     1 ||    17
         Potion            |     3 |     1 |     4 |     1 ||     9
   Stab: Sleeping          |     3 |       |       |       ||     3
 Armour: Animal skin       |    18 |     5 |       |       ||    23
         Ring mail         |       |    18 |    86 |       ||   104
         Chain mail        |       |       |     5 |    43 ||    48
         Plate armour      |       |       |       |     7 ||     7
  Dodge: Dodged            |    35 |    46 |   124 |    36 ||   241
  Block: Tower shield      |       |       |    74 |    10 ||    84
